 Dungeon Crawl Stone Soup version 0.19.0-2-gae57169 (webtiles) character file.

1551 kae the Martial Artist (level 8, 0/59 HPs)
             Began as a Red Draconian Transmuter on Nov 4, 2016.
             Slain by a phantom (6 damage)
             ... on level 6 of the Dungeon.
             The game lasted 00:10:36 (8218 turns).

kae the Martial Artist (Red Draconian Transmuter)   Turns: 8218, Time: 00:10:36

Health: 0/59       AC:  2    Str: 17    XL:     8   Next: 57%
Magic:  11/11      EV: 19    Int: 15    God:
Gold:   315        SH:  0    Dex: 18    Spells: 3 memorised, 5 levels left

rFire  . . .     SeeInvis +       - Unarmed
rCold  . . .     Gourm    .     (armour unavailable)
rNeg   . . .     Faith    .     (shield currently unavailable)
rPois  x         Spirit   .     (helmet currently unavailable)
rElec  .         Reflect  .     (cloak currently unavailable)
rCorr  .         Harm     .     (gloves currently unavailable)
MR     .....                    (boots currently unavailable)
Stlth  ++........               p - amulet of magic regeneration
                                m - ring of see invisible
                                n - ring of flight

@: mighty, spider-form (expiring)
A: (breathe fire), unfitting armour, (fire resistance 0), (poison resistance),
(cold-blooded), AC +6
a: End Transformation, Evoke Flight


You were on level 6 of the Dungeon.
You were hungry.
You were a venomous arachnid creature.
You visited 2 branches of the dungeon, and saw 7 of its levels.
You also visited: Sewer.

You collected 399 gold pieces.
You spent 84 gold pieces at shops.

Inventory:

Missiles
 a - 65 arrows
Armour
 o - a +0 cloak (melded)
Jewellery
 m - a ring of see invisible (right front leg)
 n - a ring of flight (left front leg)
 p - an amulet of magic regeneration (around neck)
Scrolls
 d - 2 scrolls of fog
 f - 2 scrolls of amnesia
 g - a scroll of immolation
 j - a scroll of identify
 k - a scroll of remove curse
 x - a scroll of fear {unknown}
Potions
 i - a potion of cure mutation
 r - 2 potions of degeneration
 s - a potion of lignification
 t - a potion of mutation
 u - a potion of cancellation
 v - 4 potions of magic {unknown}
 z - 4 potions of heal wounds {unknown}
Books
 b - a book of Changes

   Spells                             Type                      Level
   a - Beastly Appendage              Transmutation                1
   b - Sticks to Snakes               Transmutation                2
   c - Spider Form                    Transmutation/Poison         3
   d - Ice Form                       Ice/Transmutation            4
   e - Blade Hands                    Transmutation                5
 l - a book of Misfortune

   Spells                             Type                      Level
   a - Confusing Touch                Hexes                        1
   b - Confuse                        Hexes                        3
   c - Gell's Gravitas                Hexes/Translocation          3
   d - Petrify                        Transmutation/Earth          4
   e - Metabolic Englaciation         Hexes/Ice                    5
   f - Yara's Violent Unravelling     Hexes/Transmutation          5
Comestibles
 c - 3 bread rations
 h - 3 meat rations
 q - a slice of pizza


   Skills:
 - Level 1.1 Fighting
 - Level 1.7 Dodging
 * Level 9.4 Unarmed Combat
 - Level 2.0 Spellcasting
 + Level 6.5 Transmutations


You had 5 spell levels left.
You knew the following spells:

 Your Spells              Type           Power        Failure   Level  Hunger
a - Beastly Appendage     Tmut           ###...       6%          1    #......
b - Sticks to Snakes      Tmut           ###.....     8%          2    ###....
c - Spider Form           Tmut/Pois      ##........   41%         3    ###....


Dungeon Overview and Level Annotations

Branches:
Dungeon (6/15)             Temple (1/1) D:4

Altars:
Elyvilon
Hepliaklqana
Makhleb
Nemelex Xobeh
Ru
Sif Muna
Trog
Uskayaw
Vehumet
Xom
Yredelemnul
Zin
The Shining One

Shops:
D:5 *

Annotations:
D:2 Terence
D:5 exclusion: 2 doors


Innate Abilities, Weirdness & Mutations

((You can breathe blasts of fire.))
((Your fiery red scales are hard. (AC +6)))
You cannot fit into any form of body armour.
((Your flesh is heat resistant. (rF+)))
((You are cold-blooded and may be slowed by cold attacks.))
((Your system is resistant to poisons. (rPois)))


Message History

You bite the phantom!
The phantom is moderately damaged.
Your transformation is almost over.
You see here an arrow.
You closely miss the phantom.
The phantom is moderately damaged.
The phantom hits you!
* * * LOW HITPOINT WARNING * * *
The phantom blinks!
You closely miss the phantom.
The phantom is moderately damaged.
The phantom blinks!
The phantom hits you!
* * * LOW HITPOINT WARNING * * *
You completely miss the phantom.
The phantom is moderately damaged.
The phantom closely misses you.
You feel very mighty all of a sudden. The phantom hits you.
You die...

.# #####... ## ##.### #...
#. .....# #... #. #..#.#
#... #. ...#.# ######.#
######.## #.##.####.......
.......)###.##............
######...((.##..#######...
##.Ws...(..#≈≈≈≈≈#...
########(.#≈≈.≈≈'...
####..#≈≈≈≈≈#...
#.....#######...
#.##............
#.##.#.#######.# #.##.#.#
#.# #.##.#.# ###.#
#......# #....


You could see a phantom.

Vanquished Creatures
  A black bear (D:6)
  3 sky beasts
  2 ogres
  2 centaurs
  A big kobold (Sewer)
  2 bullfrogs (D:6)
  A howler monkey (D:5)
  A crimson imp (D:5)
  2 hounds
  An iguana (D:4)
  An orc wizard (D:3)
  2 worker ants (D:4)
  2 hound skeletons (D:4)
  Robin (D:2)
  4 gnolls (D:3)
  17 adders
  A river rat (Sewer)
  5 oozes (Sewer)
  2 adder skeletons (D:4)
  4 worms
  5 dart slugs
  2 leopard geckos
  11 orcs
  4 giant cockroaches
  12 goblins
  7 hobgoblins
  18 jackals
  9 quokkas
  2 ball pythons
  3 bats
  4 frilled lizards
  A jackal zombie (D:5)
  11 kobolds
  A quokka skeleton (D:4)
  A quokka zombie (D:3)
  27 rats
173 creatures vanquished.

Notes
Turn   | Place    | Note
-------+----------+-------------------------------------------
     0 | D:1      | kae the Draconian Transmuter began the quest for the Orb.
     0 | D:1      | Reached XP level 1. HP: 16/16 MP: 3/3
   219 | D:1      | Reached XP level 2. HP: 22/23 MP: 3/5
   685 | D:1      | Reached XP level 3. HP: 27/28 MP: 6/6
  1069 | D:2      | Reached skill level 4 in Unarmed Combat
  1153 | D:2      | Noticed Terence
  1185 | D:2      | Noticed Robin
  1192 | D:2      | HP: 1/28 [Robin/spear (3)]
  1195 | D:2      | Gained mutation: Your system is resistant to poisons. (rPois) [potion of beneficial mutation]
  1202 | D:2      | Killed Robin
  1216 | D:2      | Reached XP level 4. HP: 9/35 MP: 7/7
  1913 | D:2      | Learned a level 2 spell: Sticks to Snakes
  1917 | D:2      | Learned a level 3 spell: Spider Form
  2104 | D:2      | Reached skill level 5 in Unarmed Combat
  2104 | D:2      | Reached XP level 5. HP: 25/40 MP: 6/8
  2127 | D:2      | Found a burning altar of Makhleb.
  2950 | D:3      | Found a sacrificial altar of Ru.
  3133 | D:3      | Reached XP level 6. HP: 47/47 MP: 9/9
  3737 | D:4      | Found a staircase to the Ecumenical Temple.
  3744 | D:4      | Reached skill level 6 in Unarmed Combat
  3761 | Temple   | Entered the Ecumenical Temple
  4804 | D:4      | Your scales start taking on a fiery red colour.
  4804 | D:4      | Reached XP level 7. HP: 51/52 MP: 10/10
  4804 | D:4      | Gained mutation: Your flesh is heat resistant. (rF+) [Red Draconian growth]
  4950 | D:4      | Found a glowing silver altar of Zin.
  4951 | D:4      | Noticed an angel
  5012 | D:5      | Entered Level 5 of the Dungeon
  5157 | D:5      | Reached skill level 7 in Unarmed Combat
  5157 | D:5      | Reached skill level 5 in Transmutations
  5632 | D:5      | Found a hide-covered altar of Uskayaw.
  5901 | D:5      | Found Dock's Assorted Antiques.
  6054 | D:5      | Bought a scroll labeled HYDEXA DEPTAF for 30 gold pieces
  6054 | D:5      | Bought an emerald potion for 27 gold pieces
  6054 | D:5      | Bought an inky potion for 27 gold pieces
  7092 | D:6      | Reached skill level 8 in Unarmed Combat
  7282 | D:6      | Reached XP level 8. HP: 43/59 MP: 11/11
  7512 | D:6      | Found a glowing drain.
  7583 | Sewer    | Entered a sewer
  7929 | Sewer    | Reached skill level 9 in Unarmed Combat
  8218 | D:6      | Slain by a phantom

Skill      XL: |  1  2  3  4  5  6  7  8 |
---------------+-------------------------+-----
Unarmed Combat | 4 5 6 8 9 |  9.4
Transmutations | 3 4 5 6 |  6.5
Fighting       | |  1.1
Dodging        | |  1.7
Spellcasting   | |  2.0

Action                   |  1- 3 |  4- 6 |  7- 9 || total
-------------------------+-------+-------+-------++-------
Melee: Unarmed           |   107 |   329 |   229 ||   665
       Kick              |     8 |    20 |    12 ||    40
       Headbutt          |     2 |     6 |     5 ||    13
       Tailslap          |     4 |    35 |    16 ||    55
       Punch             |       |     6 |     5 ||    11
 Cast: Beastly Appendage |     8 |    17 |     9 ||    34
       Spider Form       |       |     3 |     3 ||     6
 Abil: Breathe Fire      |       |       |     4 ||     4
  Use: Potion            |     4 |     1 |     1 ||     6
       Scroll            |     2 |     6 |     6 ||    14
 Stab: Invisible         |     2 |       |       ||     2
       Sleeping          |       |     1 |     2 ||     3
  Eat: Chunk             |     1 |    13 |     6 ||    20
       Meat ration       |       |       |     1 ||     1
       Beef jerky        |       |       |     1 ||     1
Armor: Skin              |    31 |    86 |    68 ||   185
Dodge: Dodged            |    62 |   202 |   164 ||   428
